AoeStats
← KootH.

Nomad

507109348Analyzed
4v4 RM · 15d ago on Sep 16, 2026· 44m 47s· 8 players
Game mode
Random Map
Map size
231×231
Population
200
Speed
Normal
Resources
Standard
Victory
Conquest
Starting age
Dark Age
Ending age
Imperial Age
RankedLock teamsTeams togetherTeam positionsShared explorationLock speedFull tech treeHidden civsTurbo modeCheats
Victory
Defeat
🇺🇸 Burmese · United States
1530
+11
🇫🇮 Khitans · Finland
1511
+11
🇩🇪 Persians · Germany
1421
+15
🇩🇪 Japanese · Germany
1410
+15
🇨🇴 Persians · Colombia
1432
-14
🇺🇸 Japanese · United States
1411
-13
🇲🇽 Vikings · Mexico
1403
-13
🇨🇦 Saracens · Canada
1378
-12
BungaloBones
4:47 Loom
13:46 Feudal Age
21:13 Castle Age
22:28 Horse Collar
29:03 Wheelbarrow
31:53 Husbandry
33:22 Hand Cart
33:55 Bloodlines
36:16 Padded Archer Armor
41:18 Imperial Age
39:52 Fletching
41:17 Bodkin Arrow
41:31 Capped Ram
43:30 Bracer
44:25 Masonry
M*rpheu$
12:35 Feudal Age
13:40 Loom
17:59 Castle Age
16:01 Horse Collar
16:56 Double-Bit Axe
17:36 Scale Barding Armor
19:00 Bloodlines
18:50 Husbandry
20:44 Forging
23:29 Bow Saw
23:21 Heavy Plow
23:51 Chain Barding Armor
24:56 Wheelbarrow
25:44 Gold Mining
30:29 Iron Casting
32:00 Hand Cart
31:31 Town Watch
35:03 Stone Mining
35:48 Gold Shaft Mining
36:19 Fishing Lines
43:33 Town Patrol
46:31 Imperial Age
44:52 Gillnets
Alexspiration
4:46 Loom
13:01 Feudal Age
17:25 Castle Age
15:19 Double-Bit Axe
15:55 Fletching
16:12 Fishing Lines
18:05 Bodkin Arrow
18:22 Medium Warships
19:23 Wheelbarrow
19:12 Gillnets
20:53 Town Watch
24:55 Ballistics
24:43 Horse Collar
32:20 Demolition Ship
34:42 Hand Cart
38:17 Imperial Age
36:25 Scale Mail Armor
36:53 Forging
37:39 Chain Mail Armor
37:26 Squires
37:11 Gambesons
37:12 Arson
37:42 Heavy Plow
38:33 Iron Casting
38:23 Elite Samurai
40:07 Plate Mail Armor
40:01 Conscription
39:48 Treadmill Crane
40:18 Masonry
41:27 Blast Furnace
40:28 Murder Holes
42:25 Chemistry
42:15 Siege Engineers
45:17 Bracer
Valtsyuk
5:19 Loom
12:37 Feudal Age
13:06 Double-Bit Axe
16:33 Fletching
20:57 Castle Age
19:10 Domestication
21:48 Medium Warships
21:34 Bodkin Arrow
24:36 Bow Saw
27:05 Padded Archer Armor
31:52 Ballistics
35:17 Pastoralism
36:33 Wheelbarrow
41:04 Imperial Age
39:34 Gold Mining
41:33 Scale Mail Armor
41:44 Forging
42:16 Heavy Warships
41:52 Bracer
42:08 Leather Archer Armor
43:01 Chemistry
44:02 Hand Cart
43:46 Elite Liao Dao
44:28 Scale Mail Armor
44:40 Forging
45:01 Ring Archer Armor
old man
4:53 Loom
12:31 Feudal Age
13:06 Double-Bit Axe
14:47 Fletching
21:58 Forging
26:24 Castle Age
24:26 Horse Collar
26:59 Bloodlines
42:19 Husbandry
KootH.
4:07 Loom
12:52 Feudal Age
13:27 Double-Bit Axe
18:27 Castle Age
19:06 Medium Warships
20:10 Bow Saw
29:24 Horse Collar
30:06 Heavy Plow
32:26 Wheelbarrow
33:34 Husbandry
33:45 Bloodlines
35:03 Scale Barding Armor
37:06 Forging
43:19 Imperial Age
40:26 Pikeman
41:06 Squires
41:54 Scale Mail Armor
42:30 Iron Casting
43:25 Chain Mail Armor
43:31 Squires
45:03 Fletching
45:13 Padded Archer Armor
46:14 Blast Furnace
45:34 Chain Barding Armor
qwer
5:06 Loom
13:11 Feudal Age
16:45 Town Watch
19:22 Castle Age
17:55 Double-Bit Axe
18:45 Fletching
19:43 Fishing Lines
20:33 Medium Warships
20:44 Bodkin Arrow
23:34 Gillnets
26:17 Ballistics
27:34 Careening
31:52 Guard Tower
33:29 Wheelbarrow
33:52 Clinker Construction
40:06 Imperial Age
41:23 Heavy Warships
41:01 Bracer
41:46 Conscription
43:24 Carvel Hull
kazumakine
3:30 Loom
13:24 Feudal Age
13:47 Man-at-Arms
14:43 Town Watch
22:56 Castle Age
20:48 Double-Bit Axe
23:58 Bow Saw
24:18 Crossbowman
24:41 Pikeman
26:44 Fletching
30:52 Scale Mail Armor
31:27 Squires
35:01 Light Cavalry
35:50 Scale Barding Armor
36:07 Bodkin Arrow
39:13 Forging
41:26 Horse Collar
45:24 Imperial Age
43:39 Chain Mail Armor
Connection lost

Rejoining the realm…

Still unreachable

The connection could not be restored.

Session expired

The server has moved on; the page needs a fresh start.